 Dungeon Crawl Stone Soup version 0.18.1-48-g4cf74bf (webtiles) character file.

62 Lennu the Conjurer (level 3, -1/24 HPs)
             Began as a Demonspawn Conjurer on July 11, 2016.
             Slain by a worm (14 damage)
             ... on level 2 of the Dungeon.
             The game lasted 00:06:12 (1765 turns).

Lennu the Conjurer (Demonspawn Conjurer)            Turns: 1765, Time: 00:06:13

Health: -1/24      AC:  5    Str:  8    XL:     3   Next: 85%
Magic:  0/6        EV: 12    Int: 17    God:
Gold:   94         SH:  0    Dex: 13    Spells: 1 memorised, 6 levels left

rFire  . . .     SeeInvis .     o - staff of earth
rCold  . . .     Gourm    .     n - +0 leather armour
rNeg   . . .     Faith    .     (no shield)
rPois  .         Spirit   .     (no helmet)
rElec  .         Dismiss  .     (no cloak)
rCorr  .         Reflect  .     (no gloves)
SustAt .         Harm     .     (no boots)
MR     .....                    (no amulet)
Stlth  ++........               (no ring)
                                l - +2 ring of protection

@: very slightly contaminated, not resistant to hostile enchantments, unstealthy
A: powered by death 1
a: no special abilities


You were on level 2 of the Dungeon.
You were hungry.

You visited 1 branch of the dungeon, and saw 2 of its levels.

You collected 94 gold pieces.

Inventory:

Hand Weapons
 g - a +0 whip
Armour
 n - a +0 leather armour (worn)
Magical Staves
 o - an uncursed staff of earth (weapon)
Jewellery
 l - a +2 ring of protection (left hand)
Scrolls
 f - a scroll of remove curse {unknown}
 h - a scroll of enchant weapon {unknown}
 j - a scroll of teleportation {unknown}
 k - 2 scrolls of identify {unknown}
 m - a scroll of enchant armour {unknown}
 p - a scroll of amnesia {unknown}
Potions
 d - 3 potions of curing {unknown}
 e - a potion of degeneration {unknown}
Books
 b - a book of Conjurations

   Spells                             Type                      Level
   a - Magic Dart                     Conjuration                  1
   b - Searing Ray                    Conjuration                  2
   c - Dazzling Spray                 Conjuration/Hexes            3
   d - Fulminant Prism                Conjuration/Hexes            4
   e - Iskenderun's Mystic Blast      Conjuration                  4
   f - Iskenderun's Battlesphere      Conjuration/Charms           5
Comestibles
 c - a bread ration
 i - a beef jerky


   Skills:
 * Level 0.2 Fighting
 * Level 2.1 Dodging
 + Level 1.7 Stealth
 + Level 2.6 Spellcasting
 * Level 4.9 Conjurations


You had 6 spell levels left.
You knew the following spells:

 Your Spells              Type           Power        Failure   Level  Hunger
a - Magic Dart            Conj           ###.         3%          1    #......


Dungeon Overview and Level Annotations

Branches:
Dungeon (2/15)

Altars:
Cheibriados
Trog


Innate Abilities, Weirdness & Mutations

You regenerate a little health from kills.


Message History

You are very lightly contaminated with residual magic.
Nothing appears to happen.
You barely miss the worm.
The worm is moderately wounded.
The worm bites you!
Ouch! That really hurt!
You hit the worm.
The worm is heavily wounded.
The worm closely misses you.
You completely miss the worm.
The worm is heavily wounded.
The worm barely misses you.
You hit the worm.
The worm is heavily wounded.
The worm closely misses you.
You hit the worm but do no damage.
The worm is heavily wounded.
The worm bites you!
Ouch! That really hurt!
You die...

#.##......##......##....#....#
#.#..#.#####......##...###.†).
..#.##.# #.......w...#y#._.)
#...##.# #####.###...###...)
#.#.##.# ### #.# #....#....#
..#..#.# #.###w# #........)#
#....#.#####..##.# ##.......##
#.##......##...#w# ##....###
..####..........@# ##### .[.
#.###...#.### #.. #.#####...#
#.#. #.##......# ....
#.#).####.# ......... #.# ...
### ###


You could see 2 worms.

Vanquished Creatures
  An adder (D:2)
  2 worms (D:2)
  A dart slug (D:1)
  A giant gecko (D:1)
  5 bats
  3 giant cockroaches
  6 goblins
  A hobgoblin (D:1)
  2 jackals (D:1)
  8 kobolds
  A quokka (D:1)
  2 ball pythons (D:1)
  A giant newt (D:1)
  10 rats
44 creatures vanquished.

Notes
Turn   | Place    | Note
--------------------------------------------------------------
     0 | D:1      | Lennu the Demonspawn Conjurer began the quest for the Orb.
     0 | D:1      | Reached XP level 1. HP: 13/13 MP: 3/3
   449 | D:1      | Gained mutation: You regenerate a little health from kills. [demonic ancestry]
   449 | D:1      | Reached XP level 2. HP: 16/19 MP: 0/5
  1017 | D:1      | Reached XP level 3. HP: 24/24 MP: 0/6
  1523 | D:2      | Found a snail-covered altar of Cheibriados.
  1726 | D:2      | Noticed a moth of wrath
  1736 | D:2      | Found a bloodstained altar of Trog.
  1765 | D:2      | Slain by a worm

Skill      XL: |  1  2  3 |
---------------+----------+-----
Dodging        | 2 |  2.1
Fighting       | |  0.2
Stealth        | |  1.7
Spellcasting   | |  2.6
Conjurations   | |  4.9

Action                   || total
-------------------------++-------
Melee: Whip              ||    45
       Staff             ||     5
 Cast: Magic Dart        ||    87
  Eat: Chunk             ||     3
Armor: Robe              ||     9
       Leather armour    ||     1
Dodge: Dodged            ||    36
